 Dungeon Crawl Stone Soup version 0.31-a0-700-gf13585253f (webtiles) character file.

Game seed: 9309496680369653952

98 qw the Shooter (level 4, 0/28 HPs)
             Began as a Gargoyle Hunter on Sept 7, 2023.
             Slain by an iguana (6 damage)
             ... on level 3 of the Dungeon.
             The game lasted 00:00:45 (1462 turns).

qw the Shooter (Gargoyle Hunter)                    Turns: 1462, Time: 00:00:46

Health: 0/28       AC:  6    Str: 14    XL:     4   Next: 69%
Magic:  4/4        EV: 11    Int: 10    God:
Gold:   115        SH:  5    Dex: 15    Spells: 3/3 levels left

rFire   . . .        Y - +0 shortbow
rCold   . . .        (shield currently unavailable)
rNeg    + . .        c - +0 leather armour
rPois   inf          (no helmet)
rElec   +            (no cloak)
rCorr   .            (no gloves)
SInv    .            (no boots)
Will    .....        a - amulet of reflection
Stlth   ++           (no ring)
HPRegen 0.24/turn    (no ring)
MPRegen 0.09/turn

%: reflection
@: no status effects
A: sickness immunity, AC +3, negative energy resistance 1, electricity
resistance, torment resistance 1, petrification resistance
a: no special abilities


You were on level 3 of the Dungeon.
You visited 1 branch of the dungeon, and saw 3 of its levels.

You collected 115 gold pieces.


Innate Abilities, Weirdness & Mutations

You are immune to sickness and miasma.
Your stone body is resilient. (AC +3)
You are immune to poison.
You resist negative energy. (rN+)
You are resistant to electric shocks. (rElec)
You are resistant to unholy torment.
You are immune to petrification.


   Skills:
 - Level 3.0 Fighting
 + Level 5.6 Ranged Weapons
 - Level 1.5 Dodging
 - Level 1.1 Stealth


You had 3 spell levels left.
You didn't know any spells.
Your spell library was empty.

Inventory:

Hand Weapons
 Y - a +0 shortbow (weapon)
Armour
 c - a +0 leather armour (worn)
Jewellery
 a - an amulet of reflection (around neck)
Potions
 b - 2 potions of brilliance {unknown}
 d - a potion of experience {unknown}
 e - a potion of might {unknown}

Dungeon Overview and Level Annotations

Branches:
Dungeon (3/15)

Altars:

Shops:
D:1 ?


Message History

b - 2 murky blue potions You open the door.
There is an open door here.
An iguana comes into view.
The iguana hisses angrily.
An endoplasm comes into view.
You shoot an arrow. The arrow hits the endoplasm.
The endoplasm is heavily wounded.
You shoot an arrow. The arrow hits the endoplasm!
You kill the endoplasm!
You shoot an arrow. The arrow hits the iguana.
The iguana is lightly wounded.
You shoot an arrow.
The arrow hits the iguana but does no damage.
The iguana is lightly wounded.
You shoot an arrow.
The arrow hits the iguana but does no damage.
The iguana is lightly wounded.
You block the iguana's attack.
You shoot an arrow. The arrow completely misses the iguana.
The iguana bites you!
You shoot an arrow. The arrow barely misses the iguana.
You block the iguana's attack.
You shoot an arrow. The arrow hits the iguana.
The iguana is moderately wounded.
The iguana bites you.
You shoot an arrow. The arrow hits the iguana.
The iguana is heavily wounded.
You block the iguana's attack.
You shoot an arrow. The arrow hits the iguana.
The iguana is severely wounded.
The iguana bites you!
You shoot an arrow.
The arrow hits the iguana but does no damage.
The iguana is severely wounded.
The iguana bites you but does no damage.
You shoot an arrow. The arrow hits the iguana.
The iguana is almost dead.
The iguana bites you.
You die...

##+## ##...##
##.<...## ##
##.......## ##.##
#.<.......####...#.###
+.........'...@l......
#.........####.....###
##.......## ##..###
##.....## #.# ##...##
.# ##+## .# #


You could see an iguana.

Vanquished Creatures
  3 adders (D:2)
  3 worms (D:2)
  A dart slug (D:2)
  2 ball pythons (D:1)
  6 endoplasms
  2 giant cockroaches (D:1)
  4 goblins
  5 hobgoblins
  4 jackals (D:1)
  4 quokkas
  9 bats
  3 frilled lizards
  5 kobolds
  5 rats
56 creatures vanquished.

Notes
Turn   | Place    | Note
-------+----------+-------------------------------------------
     0 | D:1      | qw the Gargoyle Hunter began the quest for the Orb.
     0 | D:1      | Reached XP level 1. HP: 12/12 MP: 1/1
     0 | D:1      | 0 ||| qw: Version: 0.3-a-76-g4403597
     0 | D:1      | 0 ||| qw: Game counter: 591
     0 | D:1      | 0 ||| qw: Melee chars always use a shield: true
     0 | D:1      | 0 ||| qw: God list: Okawaru
     0 | D:1      | 0 ||| qw: Allow faded altars: false
     0 | D:1      | 0 ||| qw: Do Orc after clearing Dungeon:15 true
     0 | D:1      | 0 ||| qw: Do second Lair branch before Depths: true
     0 | D:1      | 0 ||| qw: Lair rune preference: random
     0 | D:1      | 0 ||| qw: Goals: Normal
     0 | D:1      | 0 ||| PLANNING D:1-11
    79 | D:1      | Reached XP level 2. HP: 17/17 MP: 2/2
   374 | D:1      | Reached XP level 3. HP: 21/21 MP: 3/3
   389 | D:1      | Reached skill level 5 in Ranged Weapons
   556 | D:1      | Found Exyruw's Magic Scroll Boutique.
   574 | D:1      | 574 ||| SHOPLISTING scroll of enchant weapon (105 gold,
                  | have 19).
   574 | D:1      | 574 ||| SHOPLISTING scroll of identify (28 gold, have 19).
   574 | D:1      | 574 ||| SHOPLISTING scroll of teleportation (42 gold, have
                  | 19).
   802 | D:1      | 802 ||| DROPPING scroll of butterflies.
   872 | D:2      | 872 ||| STAIRDANCE
   945 | D:2      | Found a faded altar of an unknown god.
   957 | D:2      | Reached skill level 3 in Fighting
   995 | D:2      | Reached XP level 4. HP: 26/28 MP: 4/4
  1052 | D:2      | 1052 ||| READING scroll labelled MELODE UVVOPRY.
  1139 | D:2      | 1139 ||| READING scroll labelled MEL VOITUPLIZA.
  1141 | D:2      | 1141 ||| READING scroll labelled VETIAKLUZYN.
  1223 | D:2      | 1223 ||| READING scroll labelled LEDOFU KAGGIS.
  1224 | D:2      | 1224 ||| FLEEEEING.
  1225 | D:2      | 1225 ||| FLEEEEING.
  1419 | D:2      | 1419 ||| UPGRADING to amulet of reflection.
  1460 | D:3      | HP: 6/28 [iguana (11)]
  1462 | D:3      | Slain by an iguana

Levels and vault maps discovered:
D:1:      dpeg_arrival_prison, layout_loops_ring, serial_shops, shop,
          minmay_cut_off
D:2:      layout_basic, serial_glass, glass_columns_a, glass_columns_a,
          glass_columns_c, glass_columns_a, glass_columns_b, glass_columns_c,
          glass_columns_a, glass_columns_a, glass_columns_b, glass_columns_b,
          ebering_ecumenical_altar_box
D:3:      layout_loops_corners, minmay_misc_feat_plants,
          corexii_leaking_fountain, uniq_ijyb, uniq_jessica

Skill      XL: |  1  2  3 |
---------------+----------+-----
Ranged Weapons | 5 |  5.6
Fighting       | 3 |  3.0
Dodging        | |  1.5
Stealth        | |  1.1

Action                     |  1- 3 |  4- 6 || total
---------------------------+-------+-------++-------
   Fire: Shortbow          |   125 |    67 ||   192
    Use: Scroll            |       |     4 ||     4
 Armour: Leather armour    |    55 |    15 ||    70
  Dodge: Dodged            |    48 |    12 ||    60
  Block: Other             |       |     3 ||     3

Table legend:
 A = Non-vault XP
 B = Vault XP
 C = Vault XP percentage of total XP
 D = Non-vault monster count
 E = Vault monster count
 F = Vault count percentage of total count
                 A         B        C        D         E       F
            +---------+---------+-------+---------+---------+-------
      Total |     132 |       8 |   5.7 |      51 |       5 |   8.9
            +---------+---------+-------+---------+---------+-------
        D:1 |      46 |       8 |  14.8 |      28 |       5 |  15.2
        D:2 |      84 |       0 |   0.0 |      22 |       0 |   0.0
        D:3 |       2 |       0 |   0.0 |       1 |       0 |   0.0
            +---------+---------+-------+---------+---------+-------
